 Dungeon Crawl Stone Soup version 0.24.0-1-gfbc8707 (webtiles) character file.

Game seed: 2452127632831210733, levelgen mode: deterministic

51 Charmandara the Sneak (level 3, -3/19 HPs)
             Began as a Spriggan Abyssal Knight on Nov 1, 2019.
             Was a Believer of Lugonu.
             Slain by Natasha (10 damage)
             ... on level 2 of the Dungeon.
             The game lasted 00:02:55 (1611 turns).

Charmandara the Sneak (Spriggan Abyssal Knight)     Turns: 1611, Time: 00:02:56

Health: -3/19      AC:  2    Str:  9    XL:     3   Next: 57%
Magic:  5/5        EV: 18    Int: 13    God:    Lugonu [**....]
Gold:   121        SH:  0    Dex: 15    Spells: 2/2 levels left

rFire    . . .     SeeInvis +   g - +0 dagger (flame)
rCold    . . .     Gourm    .   (shield restricted)
rNeg     . . .     Faith    .   b - +0 robe
rPois    .         Spirit   .   (helmet restricted)
rElec    .         Reflect  .   (no cloak)
rCorr    .         Harm     .   (gloves unavailable)
MR       .....                  (boots unavailable)
Stlth    +++.......             (no amulet)
HPRegen  0.06/turn              (no ring)
MPRegen  0.09/turn              (no ring)

@: very quick
A: very small, unfitting armour, see invisible, herbivore, speed 3, slow
metabolism 2
a: Depart the Abyss, Bend Space, Renounce Religion


You were on level 2 of the Dungeon.
You worshipped Lugonu.
Lugonu was pleased with you.
You were not hungry.

You visited 1 branch of the dungeon, and saw 2 of its levels.
You visited the Abyss 1 time.

You collected 121 gold pieces.

Inventory:

Hand Weapons
 a - a +1 short sword
 g - a +0 dagger of flaming (weapon)
   (You found it on level 1 of the Dungeon)
Missiles
 d - 14 poisoned darts (quivered)
Armour
 b - a +0 robe (worn)
Scrolls
 e - 2 scrolls of identify {unknown}
 h - a scroll of noise {!r}
 i - a scroll of magic mapping {unknown}
 k - a scroll of teleportation {unknown}
Potions
 f - a potion of flight {unknown}
 j - a potion of curing
Comestibles
 c - 5 rations


   Skills:
 - Level 2.4 Fighting
 - Level 2.1 Short Blades
 - Level 3.5 Dodging
 + Level 5.3 Stealth
 - Level 1.7 Invocations


You had 2 spell levels left.
You didn't know any spells.
Your spell library was empty.

Dungeon Overview and Level Annotations

Branches:
Dungeon (2/15)

Altars:
Sif Muna

Annotations:
D:2 Natasha


Innate Abilities, Weirdness & Mutations

You are very small and have problems with some larger weapons.
You are too small for most types of armour.
You have supernaturally acute eyesight. (SInv)
You are a herbivore.
You cover ground extremely quickly.
You need to consume almost no food.


Message History

The adder poisons you!
You take 1 damage, and have 12/19 hp.
Throwing (i - inventory)
d - 16 poisoned darts (quivered)
Aim: an adder (moderately wounded)
You throw a poisoned dart.
The poisoned dart closely misses the adder.
You feel sick. The adder misses you.
You take 1 damage, and have 11/19 hp.
Unknown command.
You feel sick.
You see here a hand axe.
You take 1 damage, and have 10/19 hp.
Throwing (i - inventory)
d - 15 poisoned darts (quivered)
Aim: an adder (moderately wounded)
You throw a poisoned dart. The poisoned dart hits the adder.
Found a stone staircase leading down.
You feel sick.
You take 1 damage, and have 9/19 hp.
Throwing (i - inventory)
d - 14 poisoned darts (quivered)
Aim: an adder (moderately wounded)
You throw a poisoned dart. The poisoned dart hits the adder.
The adder is poisoned.
You feel sick.
You take 1 damage, and have 8/19 hp.
Throwing (i - inventory)
d - 13 poisoned darts (quivered)
Aim: an adder (severely wounded, poisoned)
You throw a poisoned dart. The poisoned dart hits the adder.
The adder looks even sicker.
You feel sick.
You take 1 damage, and have 7/19 hp.
Throwing (i - inventory)
d - 12 poisoned darts (quivered)
Aim: an adder (almost dead, poisoned)
You throw a poisoned dart.
The poisoned dart completely misses the adder.
You kill the adder!
Lugonu accepts your kill.
You feel sick.
You are no longer poisoned.
You take 1 damage, and have 7/19 hp.
You start resting.
Health restored: 19
d - 12 poisoned darts (gained 1)
d - 13 poisoned darts (gained 1)
You see here a kobold skeleton.
d - 14 poisoned darts (gained 1)
d - 15 poisoned darts (gained 1)
d - 16 poisoned darts (gained 1)
d - 17 poisoned darts (gained 1)
d - 18 poisoned darts (gained 1)
You now have 101 gold pieces (gained 8).
You now have 114 gold pieces (gained 13).
You see here a ring mail.
You now have 121 gold pieces (gained 7).
You open the door.
Found a shimmering blue altar of Sif Muna.
There is an open door here.
You enter the shallow water.
Moving in this stuff is going to be slow.
There is an open door here.
Natasha, Servant of Life and Death comes into view.
Natasha hisses angrily.
Throwing (i - inventory)
d - 18 poisoned darts (quivered)
Aim: Natasha You throw a poisoned dart.
The poisoned dart hits Natasha.
Throwing (i - inventory)
d - 17 poisoned darts (quivered)
Aim: Natasha You throw a poisoned dart.
The poisoned dart hits Natasha.
Natasha is poisoned.
You closely miss Natasha.
Natasha extends her claws.
Natasha closely misses you.
You barely miss Natasha. Natasha claws you.
You take 4 damage, and have 15/19 hp.
MASSIVE DAMAGE!!
Throwing (i - inventory)
d - 16 poisoned darts (quivered)
Aim: Natasha (lightly wounded, poisoned)
You throw a poisoned dart. The poisoned dart hits Natasha.
Natasha looks even sicker.
Natasha closely misses you.
You hit Natasha but do no damage. Natasha closely misses you.
You hit Natasha but do no damage. Natasha misses you.
You closely miss Natasha. Natasha claws you.
You take 3 damage, and have 13/19 hp.
You barely miss Natasha. You hit Natasha. You burn Natasha.
Natasha casts a spell at you. The magic dart hits you.
You take 6 damage, and have 7/19 hp.
MASSIVE DAMAGE!!
Throwing (i - inventory)
d - 15 poisoned darts (quivered)
Aim: Natasha (severely wounded, poisoned)
You throw a poisoned dart.
The poisoned dart closely misses Natasha.
Natasha closely misses you.
Unknown command.
You hit Natasha but do no damage. Natasha misses you.
You barely miss Natasha.
Natasha casts a spell.
You barely miss Natasha. Natasha misses you.
You closely miss Natasha. Natasha claws you!
Ouch! That really hurt!
You die...

####### ##≈≈≈≈≈##
#≈≈≈≈≈≈≈#
####≈≈...≈≈#
#..'..._.≈≈#
#.##≈≈...≈≈#
#.##≈≈≈≈≈≈≈#
######.###≈≈≈≈≈##
#.@......########.
#h#####...........
#5 #...#######. #(
##.## #. #.# #.
#.# #. #.# #. #.#
#.##


You could see Natasha and a crimson imp.

Vanquished Creatures
  2 adders (D:2)
  2 worms
  4 bats (D:1)
  2 goblins (D:1)
  4 hobgoblins (D:1)
  6 kobolds
  A ball python (D:1)
  3 frilled lizards (D:1)
  5 rats
29 creatures vanquished.

Notes
Turn   | Place    | Note
-------+----------+-------------------------------------------
     0 | Abyss:1  | Charmandara the Spriggan Abyssal Knight began the quest for
                  | the Orb.
     0 | Abyss:1  | Reached XP level 1. HP: 11/11 MP: 3/3
    35 | D:1      | Escaped the Abyss
    95 | D:1      | Reached skill level 1 in Stealth
   146 | D:1      | Reached skill level 2 in Stealth
   330 | D:1      | Reached XP level 2. HP: 16/16 MP: 4/4
   336 | D:1      | You fall into a shaft and drop 1 floor!
   374 | D:1      | Reached skill level 3 in Stealth
   655 | D:1      | Reached ** piety under Lugonu
   812 | D:1      | Reached skill level 4 in Stealth
  1025 | D:2      | Reached XP level 3. HP: 19/19 MP: 5/5
  1219 | D:2      | Reached skill level 5 in Stealth
  1583 | D:2      | Found a shimmering blue altar of Sif Muna.
  1596 | D:2      | Noticed Natasha
  1611 | D:2      | Slain by Natasha

Levels and vault maps discovered:
D:1:      onia_arrival_pyramid, layout_loops_ring
D:2:      layout_loops_ring, lemuel_coloured_pillars_altar, led_sif_pool,
          uniq_natasha

Skill      XL: |  1  2  3 |
---------------+----------+-----
Stealth        | 2 4 5 |  5.3
Fighting       | |  2.4
Short Blades   | |  2.1
Dodging        | |  3.5
Invocations    | |  1.7

Action                   || total
-------------------------++-------
Melee: Dagger            ||   115
       Short sword       ||    10
Throw: Dart              ||    33
  Use: Scroll            ||     2
       Potion            ||     1
 Stab: Sleeping          ||     3
Armor: Robe              ||    11
Dodge: Dodged            ||    81

Levels and vault maps discovered:
D:1:      onia_arrival_pyramid, layout_loops_ring
D:2:      layout_loops_ring, lemuel_coloured_pillars_altar, led_sif_pool,
          uniq_natasha

Table legend:
 A = Turns spent in this place as a percentage of turns spent in the entire game.
 B = Non-inter-level travel turns spent in this place as a percentage of non-inter-level travel turns spent in the entire game.
 C = Inter-level travel turns spent in this place as a percentage of turns spent in this place.
 D = Turns resting spent in this place as a percentage of non-inter-level travel turns spent in this place.
 E = Turns spent auto-exploring this place as a percentage of non-inter-level travel turns spent in this place.
 F = Non-inter-level travel turns spent in this place divided by the number of levels of this place that you've seen.
                   A       B       C       D       E      F
               +-------+-------+-------+-------+-------+----------------------
         Total | 100.0 | 100.0 |   1.4 |  23.9 |  46.8 | 529.7
       Dungeon |  97.8 |  97.8 |   1.4 |  24.5 |  47.9 | 777.0
         Abyss |   2.2 |   2.2 |   0.0 |   0.0 |   0.0 |  35.0
               +-------+-------+-------+-------+-------+----------------------

Table legend:
 A = Kills in this place as a percentage of kills in entire the game.
 B = Kills by you in this place as a percentage of kills by you in the entire game.
 C = Kills by friends in this place as a percentage of kills by friends in the entire game.
 D = Other kills in this place as a percentage of other kills in the entire game.
 E = Experience gained in this place as a percentage of experience gained in the entire game.
 F = Experience gained in this place divided by the number of levels of this place that you have seen.
                   A       B       C       D       E      F
               +-------+-------+-------+-------+-------+----------------------
         Total | 100.0 | 100.0 |   N/A |   N/A | 100.0 |  24.3
       Dungeon | 100.0 | 100.0 |   N/A |   N/A | 100.0 |  36.5
               +-------+-------+-------+-------+-------+----------------------
